 Dungeon Crawl Stone Soup version 0.18.1-50-g88ac8fd (webtiles) character file.

664 cedor the Skirmisher (level 7, -4/54 HPs)
             Began as a Demonspawn Arcane Marksman on Sept 21, 2016.
             Slain by an ice beast (9 damage)
             ... on level 5 of the Dungeon.
             The game lasted 00:20:25 (2983 turns).

cedor the Skirmisher (Demonspawn Arcane Marksman)   Turns: 2983, Time: 00:20:25

Health: -4/54      AC:  5    Str: 11    XL:     7   Next: 31%
Magic:  10/11      EV: 12    Int: 21    God:
Gold:   97         SH:  0    Dex: 12    Spells: 3 memorised, 6 levels left

rFire  . . .     SeeInvis .     a - +2 hunting sling (freeze)
rCold  . . .     Gourm    .     p - +2 robe {MR+}
rNeg   . . .     Faith    .     (no shield)
rPois  .         Spirit   .     (helmet restricted)
rElec  .         Dismiss  .     (no cloak)
rCorr  .         Reflect  .     l - +0 pair of gloves (curse)
SustAt .         Harm     .     (no boots)
MR     +....                    (no amulet)
Stlth  ++........               (no ring)
                                m - +4 ring of intelligence

@: somewhat resistant to hostile enchantments, unstealthy
A: antennae 2, demonic guardian 1, spiny 1, sturdy frame 1
a: no special abilities


You were on level 5 of the Dungeon.
You were not hungry.

You visited 1 branch of the dungeon, and saw 5 of its levels.

You collected 97 gold pieces.


Innate Abilities, Weirdness & Mutations

You have a pair of antennae on your head.
A weak demonic guardian rushes to your aid.
You are partially covered in sharp spines.
Your movements are slightly less encumbered by armour (ER -2).


   Skills:
 - Level 4.0 Fighting
 + Level 4.0 Slings
 + Level 3.2 Armour
 - Level 2.0 Dodging
 - Level 1.5 Stealth
 - Level 3.0 Spellcasting
 + Level 3.1 Hexes


You had 6 spell levels left.
You knew the following spells:

 Your Spells              Type           Power        Failure   Level  Hunger
x - Gell's Gravitas       Hex/Tloc       #.........   24%         3    ###....
z - Slow                  Hex            ###.....     8%          2    ##.....
Z - Corona                Hex            ###....      4%          1    None

Inventory:

Hand Weapons
 a - a +2 hunting sling of freezing (weapon)
 b - a +0 hunting sling
 A - a +0 dagger
Missiles
 d - 21 sling bullets (quivered)
 h - 3 tomahawks
 o - 36 stones
Armour
 l - a cursed +0 pair of gloves (worn)
 p - a +2 robe of magic resistance (worn)
Jewellery
 m - a +4 ring of intelligence (left hand)
Scrolls
 g - 3 scrolls of teleportation {@r4}
 i - 2 scrolls of enchant weapon
 j - a scroll of fog {unknown}
 k - a scroll of random uselessness {unknown}
 n - a scroll of amnesia {unknown}
 q - a scroll of noise {unknown}
 t - a scroll of magic mapping {unknown}
 u - 4 scrolls of fear {unknown}
 v - a scroll of remove curse {unknown}
 x - a scroll of vulnerability {unknown}
 y - 4 scrolls of identify {@r1}
Potions
 e - a potion of flight {unknown}
 r - 2 potions of curing {unknown}
 s - a potion of resistance
 z - a potion of might {unknown}
Books
 c - a book of Debilitation

   Spells                             Type                      Level
   a - Corona                         Hexes                        1
   b - Slow                           Hexes                        2
   c - Gell's Gravitas                Hexes/Translocation          3
   d - Inner Flame                    Hexes/Fire                   3
   e - Cause Fear                     Hexes                        4
   f - Leda's Liquefaction            Hexes/Earth                  4
 C - a book of Enchantments

   Spells                             Type                      Level
   a - Cause Fear                     Hexes                        4
   b - Yara's Violent Unravelling     Hexes/Transmutation          5
   c - Silence                        Hexes/Air                    5
   d - Deflect Missiles               Charms/Air                   6
   e - Haste                          Charms                       6
   f - Discord                        Hexes                        8
Comestibles
 f - 2 bread rations
 w - a slice of pizza
 B - 2 fruits
 D - a meat ration

Dungeon Overview and Level Annotations

Branches:
Dungeon (5/15)
 Temple: D:4-7

Altars:
Cheibriados
Dithmenos
Makhleb
Vehumet
Xom
Zin

▒......▒ .▒▒▒▒▒▒▒<▒
.......▒.▒ .......▒.▒
.........▒ ▒▒▒▒▒▒▒▒..▒▒▒▒▒▒▒▒
▒(..'..▒..▒.5(([.▒
▒...▒..▒..▒.Y▒.8.▒
▒(.[▒..▒..▒.6▒.(.▒
▒▒▒▒▒..▒..▒..▒▒▒▒▒
▒......▒..▒......▒
▒......▒..▒.....)▒ ▒▒▒▒▒▒▒
▒..▒▒▒▒▒..▒▒▒▒▒..▒ ▒......
▒......▒..▒......▒ ▒.▒▒▒▒.
▒......▒..▒......▒▒▒▒▒▒.▒▒▒▒.
▒▒▒▒▒..▒..▒..▒▒▒▒▒...▒▒.▒....
▒......▒..▒......▒▒▒.▒▒.▒.▒▒.


You could see an ice beast and a friendly crimson imp.


Message History

Firing (i - inventory. (,) - cycle):
d - 23 sling bullets (quivered)
Press: ? - help, Shift-Dir - straight line, f/p - ice beast
Aim: an ice beast You shoot a sling bullet.
The sling bullet barely misses the ice beast.
The ice beast hits you. The ice beast freezes you.
Your crimson imp hits the ice beast but does no damage.
Firing (i - inventory. (,) - cycle):
d - 22 sling bullets (quivered)
Press: ? - help, Shift-Dir - straight line, f/p - ice beast
Aim: an ice beast You shoot a sling bullet.
The sling bullet hits the ice beast!
The ice beast is moderately wounded.
The ice beast is struck by your spines. The ice beast hits you.
The ice beast freezes you!
* * * LOW HITPOINT WARNING * * *
Your crimson imp barely misses the ice beast.
Casting: Slow
Confirm with . or Enter, or press ? or * to list all spells.
Aiming: Corona
Press: ? - help, Shift-Dir - straight line, f/p - ice beast
Aim: an ice beast (heavily wounded, chance to defeat MR: 53%)
The ice beast struggles to resist.
The ice beast hits you.
* * * LOW HITPOINT WARNING * * *
The ice beast freezes you!
* * * LOW HITPOINT WARNING * * *
Your crimson imp closely misses the ice beast.
The ice beast is struck by your spines. The ice beast hits you.
* * * LOW HITPOINT WARNING * * *
The ice beast freezes you!
You die...

Action                   |  1- 3 |  4- 6 |  7- 9 || total
-------------------------+-------+-------+-------++-------
Melee: Unarmed           |     2 |       |       ||     2
 Fire: Hunting sling     |    75 |   120 |    45 ||   240
Throw: Tomahawk          |       |     1 |       ||     1
 Cast: Corona            |     8 |     9 |     1 ||    18
       Slow              |       |    11 |     1 ||    12
  Use: Potion            |     1 |     1 |       ||     2
       Scroll            |       |     3 |       ||     3
  Eat: Chunk             |       |     4 |       ||     4
       Meat ration       |       |     1 |       ||     1
Armor: Robe              |     1 |     5 |     2 ||     8
       Skin              |     3 |       |       ||     3
Dodge: Dodged            |    16 |    19 |     9 ||    44

Vault maps used:
D:1:      minmay_arrival_hallway
D:2:      nicolae_dithmenos_through_a_glass_darkly, kennysheep_slug_shrine,
          xom_redecorated, minmay_goblin_outpost, uniq_jessica
D:3:      nicolae_qazlal_eye_of_the_storm
D:4:      first_bread, minmay_tree_intersection
D:5:      kennysheep_windowed_halls, nicolae_overflow_quartered_altars,
          uniq_pikel, uniq_grinder

Notes
Turn   | Place    | Note
--------------------------------------------------------------
     0 | D:1      | cedor the Demonspawn Arcane Marksman began the quest for the Orb.
     0 | D:1      | Reached XP level 1. HP: 15/15 MP: 2/2
    42 | D:1      | Reached skill level 2 in Slings
   195 | D:2      | Found a snail-covered altar of Cheibriados.
   201 | D:2      | Gained mutation: Your movements are slightly less encumbered by armour (ER -2). [demonic ancestry]
   201 | D:2      | Reached XP level 2. HP: 21/21 MP: 1/3
   247 | D:2      | Reached skill level 1 in Stealth
   354 | D:2      | Gained mutation: You are partially covered in sharp spines. [demonic ancestry]
   354 | D:2      | Reached XP level 3. HP: 22/27 MP: 2/4
   362 | D:2      | Reached skill level 2 in Dodging
   390 | D:2      | Noticed Jessica
   405 | D:2      | Killed Jessica
   405 | D:2      | Reached skill level 2 in Fighting
   834 | D:2      | Found a shimmering altar of Xom.
   840 | D:2      | Found a shimmering altar of Xom.
   842 | D:2      | Found a shimmering altar of Xom.
   842 | D:2      | Found a shimmering altar of Xom.
   888 | D:2      | Gained mutation: A weak demonic guardian rushes to your aid. [demonic ancestry]
   888 | D:2      | Reached XP level 4. HP: 33/33 MP: 5/5
   931 | D:2      | Learned a level 2 spell: Slow
   934 | D:2      | Found a shadowy altar of Dithmenos.
  1280 | D:3      | Reached skill level 1 in Armour
  1495 | D:4      | Gained mutation: You have a pair of small antennae on your head. [demonic ancestry]
  1495 | D:4      | Reached XP level 5. HP: 23/39 MP: 3/7
  1627 | D:4      | Identified a potion of resistance
  1629 | D:4      | Noticed a centaur
  1704 | D:4      | Reached skill level 3 in Slings
  1778 | D:4      | Killed a centaur
  1778 | D:4      | Reached skill level 3 in Fighting
  1778 | D:4      | Reached skill level 2 in Armour
  1778 | D:4      | Reached skill level 2 in Spellcasting
  2306 | D:5      | Entered Level 5 of the Dungeon
  2331 | D:5      | Found a burning altar of Makhleb.
  2332 | D:5      | Found a radiant altar of Vehumet.
  2332 | D:5      | Found a glowing silver altar of Zin.
  2385 | D:5      | Noticed Grinder
  2447 | D:5      | Killed Grinder
  2447 | D:5      | Gained mutation: You have a pair of antennae on your head. [demonic ancestry]
  2447 | D:5      | Reached XP level 6. HP: 19/47 MP: 6/9
  2703 | D:5      | Learned a level 3 spell: Gell's Gravitas
  2798 | D:5      | Reached XP level 7. HP: 47/53 MP: 9/11
  2860 | D:5      | Reached skill level 4 in Fighting
  2860 | D:5      | Reached skill level 3 in Armour
  2940 | D:5      | Reached skill level 3 in Spellcasting
  2974 | D:5      | Reached skill level 4 in Slings
  2983 | D:5      | HP: 5/54 [ice beast (2)]
  2983 | D:5      | Slain by an ice beast

Vanquished Creatures
  Grinder (D:5)
  A centaur (D:4)
  A quasit (D:5)
  A centaur skeleton (D:5)
  A giant frog skeleton (D:5)
  Jessica (D:2)
  2 worker ants
  A hound zombie (D:5)
  A worker ant zombie (D:5)
  4 gnolls (D:3)
  2 adders
  3 shadow imps (D:5)
  A worm (D:2)
  A dart slug (D:2)
  3 giant geckos
  5 orcs
  A ball python (D:5)
  4 bats
  5 giant cockroaches
  8 goblins (D:2)
  3 hobgoblins
  2 jackals (D:3)
  5 kobolds (D:2)
  2 quokkas (D:5)
  4 giant newts
  A quokka skeleton (D:5)
  A quokka zombie (D:4)
  6 rats
71 creatures vanquished.

Vanquished Creatures (collateral kills)
  An ogre (D:5)
  A jelly (D:5)
  An iguana (D:4)
3 creatures vanquished.

Vanquished Creatures (others)
  A bat (D:3)
1 creature vanquished.

Grand Total: 75 creatures vanquished
